Map: Dusk Towers

Players

Nexlux

  • Race: Zerg Zerg
  • League: Master

MorN - Winner!

  • Race: Terran Terran
  • League: Master

VOD

Have the link to the VOD?

Description

Time

  • Played on: Dec. 15, 2015, 11:14 p.m.
  • Length: 21:38
Show
View Real Time Build Order
Export as new Build Order

Nexlux Zerg 

Build Orders: Pool First 

Get SALT Encoding   

  12  0:01  Drone  
  13  0:12  Overlord  
  13  0:17  Drone  
  14  0:30  Drone x2  
  14  0:34  Drone  
  17  0:45  Drone  
  17  0:48  Spawning Pool  
  17  0:55  Drone  
  18  0:59  Extractor  
  17  1:07  Drone  
  18  1:16  Hatchery  
  17  1:31  Drone x2  
  19  1:39  Queen  
  21  1:43  Drone  
  22  1:52  Overlord  
  22  2:10  Drone  
  22  2:15  Metabolic Boost, Queen  
  25  2:18  Drone  
  26  2:27  Overlord  
  26  2:28  Overlord  
  26  2:35  Drone  
  27  2:40  Drone  
  27  2:41  Extractor  
  27  2:50  Queen  
  29  2:55  Pneumatized Carapace  
  29  2:56  Drone x3  
  29  2:57  Drone x2  
  34  3:02  Zergling x2  
  35  3:09  Drone  
  36  3:24  Drone x2  
  36  3:25  Roach Warren  
  36  3:26  Queen  
  39  3:27  Drone x2  
  39  3:29  Overlord  
  38  3:41  Zergling x4  
  38  3:42  Zergling x4  
  42  3:50  Zergling x4  
  38  4:13  Roach  
  38  4:14  Roach x3  
  38  4:16  Roach x2  
  48  4:31  Roach x3  
  54  4:43  Lair  
  53  4:46  Extractor  
  46  5:13  Roach x3  
  52  5:17  Roach  
  52  5:18  Overlord x2  
  52  5:24  Roach x2  
  50  5:50  Roach x8  
  50  5:51  Roach x2  
  62  5:59  Roach x2  
  66  6:06  Overseer  
  66  6:13  Evolution Chamber  
  66  6:14  Drone x3, Overlord  
  66  6:15  Overlord  
  68  6:33  Zergling x2  
  68  6:34  Zergling x12  
  68  6:35  Zergling x2  
  76  6:40  Baneling Nest  
  76  6:47  Spore Crawler  
  74  6:53  Zergling x4  
  74  6:54  Zergling x4  
  78  7:19  Drone x6  
  78  7:20  Drone  
  83  7:24  Queen  
  83  7:26  Queen  
  66  7:49  Roach x2  
  66  7:50  Roach x5  
  80  7:57  Spore Crawler  
  79  7:59  Spore Crawler  
  79  8:02  Hatchery  
  79  8:03  Spore Crawler  
  75  8:15  Zergling x12  
  75  8:16  Zergling x2  
  79  8:47  Drone x2  
  79  8:48  Drone  
  80  8:50  Overseer  
  80  8:55  Baneling  
  80  8:56  Baneling x9  
  80  8:57  Baneling x3  
  80  9:26  Ravager  
  80  9:27  Ravager x5, Roach  
  80  9:28  Overlord x5  
  88  9:31  Zerg Ground Armor Level 1  
  88  9:32  Evolution Chamber  
  88  9:35  Hydralisk Den  
  86  9:44  Spine Crawler  
  86  9:45  Spore Crawler  
  84  9:48  Spine Crawler  
  71  10:11  Roach  
  71  10:12  Roach x7  
  87  10:19  Zerg Missile Weapons Level 1  
  86  10:21  Drone x2  
  70  10:54  Drone x3  
  70  10:55  Drone x3, Spore Crawler  
  72  10:58  Drone x3, Extractor  
  72  10:59  Drone x2  
  72  11:27  Hydralisk x6  
  72  11:29  Drone x2  
  72  11:30  Drone  
  72  11:40  Overlord x2  
  72  11:41  Overlord  
  72  12:09  Roach x3  
  72  12:10  Roach x5  
  72  12:11  Overlord x3  
  86  12:23  Hydralisk x2  
  86  12:25  Zerg Missile Weapons Level 2  
  86  12:29  Zerg Ground Armor Level 2  
  90  12:34  Drone  
  90  12:36  Hydralisk  
  93  12:48  Hydralisk x2  
  97  12:53  Drone x3  
  97  12:56  Hydralisk x2  
  97  12:57  Extractor  
  103  12:59  Overlord, Roach  
  105  13:11  Muscular Augments  
  105  13:12  Overlord  
  105  13:13  Overlord  
  89  13:36  Overseer  
  87  13:43  Drone x3  
  87  13:44  Hydralisk, Roach x3  
  87  13:45  Hydralisk x2, Roach x2  
  87  13:46  Hydralisk  
  108  13:54  Overlord x2, Hydralisk x2  
  112  14:13  Extractor  
  112  14:16  Hydralisk x2  
  111  14:17  Hydralisk x2  
  119  14:27  Hydralisk  
  119  14:28  Hydralisk x3  
  127  14:38  Roach x2  
  131  14:39  Hatchery  
  131  14:41  Glial Reconstitution  
  131  14:45  Drone x2  
  132  14:46  Drone  
  117  14:58  Hydralisk x2  
  117  14:59  Hydralisk  
  121  15:03  Roach  
  121  15:04  Roach  
  125  15:16  Zergling x2  
  125  15:17  Zergling x12  
  82  15:44  Hydralisk x2  
  82  15:45  Hydralisk x5  
  94  16:00  Hydralisk x4  
  100  16:08  Lurker Den  
  100  16:14  Hydralisk x3  
  106  16:23  Zergling x2  
  106  16:24  Zergling x12  
  111  16:39  Hydralisk  
  107  16:40  Hydralisk x5  
  107  16:43  Queen  
  121  16:49  Roach x2  
  121  16:50  Roach  
  87  17:21  Roach  
  87  17:22  Roach x2  
  81  17:23  Roach x7  
  81  17:24  Hydralisk x5  
  105  17:32  Spine Crawler  
  105  17:34  Spine Crawler  
  103  17:40  Hydralisk x3  
  109  17:47  Extractor  
  109  17:50  Roach x2  
  109  17:51  Roach x2  
  116  17:53  Zergling x4  
  118  18:01  Hatchery  
  117  18:06  Lurker  
  118  18:13  Lurker  
  118  18:14  Zergling x10  
  118  18:15  Zergling x4  
  126  18:22  Zergling x6  
  126  18:23  Zergling x6  
  132  18:28  Queen  
  130  18:51  Hydralisk x6  
  130  18:52  Hydralisk  
  130  18:53  Zergling x2  
  130  18:54  Zergling x6  
  130  18:55  Zergling x2  
  149  18:58  Hydralisk  
  149  19:00  Zergling x2  
  109  19:23  Hydralisk x5  
  111  19:26  Drone x3  
  88  19:48  Roach x5  
  88  19:49  Roach x5  
  88  19:52  Zergling x10  
  113  19:54  Drone  
  113  19:57  Extractor  
  114  20:00  Drone x3  
  114  20:06  Hydralisk x2  
  91  20:36  Hydralisk x8  
  91  20:40  Roach x2, Zergling x4  
  109  20:52  Hydralisk x3  
  109  20:54  Roach  
  117  20:57  Roach  
  117  20:58  Roach  
  117  21:02  Drone x3  
  117  21:03  Zergling x8  
  128  21:08  Lurker  
Show
View Real Time Build Order
Export as new Build Order

MorN Terran - Winner!

Build Orders: Hellion Opening 

Get SALT Encoding   

  12  0:00  SCV  
  13  0:13  SCV  
  14  0:17  Supply Depot  
  14  0:25  SCV  
  14  0:27  Refinery  
  15  0:39  SCV  
  16  0:45  Barracks  
  16  0:51  SCV  
  16  0:56  Refinery  
  17  1:03  SCV  
  18  1:15  SCV  
  19  1:32  Factory, Orbital Command  
  19  1:38  Barracks Reactor  
  19  1:46  Supply Depot  
  19  1:59  SCV  
  20  2:05  Ghost Academy  
  20  2:11  SCV  
  21  2:22  Hellion x2  
  25  2:23  Barracks Tech Lab  
  25  2:26  SCV  
  26  2:35  Armory  
  26  2:44  Hellion  
  26  2:45  Hellion  
  30  3:18  Nuke  
  30  3:22  Supply Depot  
  30  3:28  Supply Depot  
  30  3:35  Hellion  
  30  3:43  Ghost  
  30  3:44  Hellion  
  34  3:57  Hellion  
  36  4:05  Hellion  
  36  4:07  SCV  
  36  4:09  Supply Depot  
  37  4:12  Ghost  
  37  4:18  Hellion  
  37  4:27  Hellion  
  39  4:37  Command Center  
  39  4:39  Hellion  
  41  4:45  Ghost  
  41  4:48  Hellion  
  43  5:03  Hellion  
  41  5:11  Hellion  
  41  5:14  Ghost  
  41  5:24  Hellion  
  43  5:31  Starport  
  39  5:40  SCV  
  38  5:43  Ghost  
  38  5:44  Supply Depot  
  34  5:59  Hellion x2  
  36  6:07  Orbital Command  
  36  6:10  SCV  
  37  6:20  Banshee, Cloaking Field  
  37  6:24  SCV  
  45  6:33  Hellion x2  
  45  6:37  SCV  
  45  6:38  SCV  
  47  6:42  Barracks Tech Lab  
  47  6:49  SCV  
  47  6:54  SCV, Hellion x2  
  53  7:01  SCV  
  53  7:02  Stimpack  
  53  7:03  Marauder  
  53  7:06  SCV  
  57  7:09  Banshee  
  57  7:13  SCV  
  65  7:15  Hellion  
  65  7:16  Hellion  
  65  7:18  SCV  
  45  7:49  SCV x2, Marine  
  48  8:01  SCV  
  48  8:05  Barracks  
  49  8:06  Command Center, Barracks  
  51  8:13  Cyclone  
  51  8:16  SCV  
  53  8:21  SCV  
  54  8:28  SCV  
  54  8:29  Marauder  
  52  9:05  SCV  
  50  9:18  SCV x2  
  50  9:22  Marine x2  
  55  9:30  SCV  
  56  9:34  Barracks Reactor  
  55  9:41  Barracks Reactor  
  55  9:45  SCV x2  
  55  10:05  Marine, Medivac  
  47  10:09  Orbital Command  
  47  10:10  SCV x2  
  47  10:16  Marine x2  
  49  10:21  Marine  
  49  10:22  SCV, Marine  
  49  10:23  SCV, Marine  
  52  10:33  Marine x2  
  52  10:35  SCV  
  48  10:39  Marine  
  48  10:40  Marine x2  
  44  10:50  Medivac x2  
  44  10:51  Marine x2  
  50  10:57  Marine x2  
  50  10:58  Marine  
  50  11:01  SCV  
  54  11:09  Marine x2  
  56  11:15  SCV, Marine x2  
  56  11:17  SCV, Marauder  
  59  11:19  Refinery  
  59  11:20  Medivac x2  
  59  11:21  Refinery, Barracks  
  59  11:22  Barracks  
  59  11:23  Engineering Bay  
  63  11:27  Engineering Bay, Marine x2  
  65  11:35  Marine x2  
  65  11:37  Orbital Command  
  65  11:39  Combat Shields  
  66  11:50  Terran Infantry Weapons Level 1  
  61  12:03  Marauder, Marine x3  
  66  12:12  Marine  
  67  12:19  SCV x3  
  67  12:21  Marine  
  71  12:24  Marauder  
  71  12:27  Marine x2  
  71  12:29  Medivac  
  77  12:31  SCV  
  77  12:33  Terran Infantry Armor Level 1  
  78  12:37  SCV x2  
  78  12:40  Marine x2  
  78  12:43  SCV  
  83  12:46  Marauder  
  83  12:49  SCV  
  86  12:52  SCV  
  86  12:55  SCV  
  86  12:57  Supply Depot x2  
  86  12:58  Marine x2  
  88  13:00  Concussive Shells  
  88  13:01  SCV  
  88  13:04  SCV  
  92  13:18  Marauder  
  94  13:26  Marine x2  
  79  13:35  Marine x2  
  79  13:40  Marauder  
  85  13:42  Barracks Tech Lab  
  85  13:43  Barracks Tech Lab  
  85  13:44  SCV, Marine x2  
  85  13:47  Armory  
  83  13:52  Marine  
  83  13:53  Marine  
  83  13:54  Command Center  
  85  13:55  Siege Tank  
  85  13:56  SCV x2  
  85  14:00  SCV, Refinery  
  85  14:01  Refinery, Marauder  
  85  14:02  Marine x2  
  94  14:04  Supply Depot  
  95  14:12  Marauder x2  
  99  14:18  SCV x3  
  99  14:23  Marauder  
  104  14:30  SCV x2  
  109  14:34  Medivac  
  109  14:35  Medivac  
  109  14:36  Marine x2  
  109  14:37  Marauder  
  109  14:40  Marauder, Marine x2  
  109  14:44  Marauder  
  115  14:47  Terran Infantry Weapons Level 2  
  104  14:55  Marine x2  
  104  14:57  Marine  
  104  14:59  Terran Infantry Armor Level 2  
  103  15:01  SCV  
  103  15:02  SCV, Marine, Marauder  
  103  15:05  Marauder  
  110  15:10  Planetary Fortress  
  110  15:11  SCV  
  110  15:14  SCV x2  
  103  15:29  Marine x2, Liberator x2  
  103  15:30  Marauder x2, Marine x2  
  103  15:32  Marine  
  85  15:45  Siege Tank  
  85  15:47  Marine x2  
  96  15:50  Marauder  
  96  15:51  Marauder  
  99  15:57  Marine x3  
  99  16:03  Supply Depot  
  99  16:04  SCV  
  103  16:05  Marine x2  
  105  16:11  Marauder  
  105  16:13  Liberator x2, Marauder  
  105  16:15  Marine x3  
  105  16:17  SCV x2  
  114  16:22  Marine  
  114  16:23  Marine  
  116  16:30  Supply Depot  
  122  16:33  Marauder  
  122  16:38  Siege Tank, Marine x2  
  122  16:39  Marauder x2  
  129  16:41  Refinery  
  129  16:54  Marauder, Marine x2  
  123  17:06  Marauder, Marine x2  
  123  17:07  Marine  
  110  17:10  Siege Tank  
  110  17:11  Marine  
  110  17:12  Marine  
  110  17:13  Medivac  
  117  17:16  Marauder  
  117  17:22  Medivac  
  112  17:24  Marine x2  
  112  17:25  SCV x2, Marine  
  112  17:28  Marauder  
  112  17:29  Marine x2  
  120  17:36  Barracks  
  120  17:37  Barracks  
  121  17:38  Barracks  
  121  17:42  Siege Tank  
  121  17:43  Medivac  
  121  17:44  Marine x3  
  126  17:45  Refinery  
  126  17:49  Supply Depot, Marine x3  
  132  17:52  Medivac  
  134  18:04  Terran Infantry Weapons Level 3  
  134  18:09  Terran Infantry Armor Level 3  
  134  18:10  Marine  
  135  18:13  Medivac  
  135  18:14  Siege Tank  
  135  18:18  Marine x2  
  142  18:22  Medivac  
  144  18:29  Marine x5  
  144  18:30  Marauder x3  
  155  18:36  Marine  
  156  19:02  Barracks Reactor, Barracks Tech Lab  
  156  19:06  Supply Depot x2  
  156  19:07  Supply Depot, Marine  
  156  19:08  Marine x3, Siege Tank, Medivac x2, Marauder x2  
  162  19:11  Marine x2  
  134  19:22  Marine  
  117  19:25  Marine  
  117  19:29  Marauder x2  
  117  19:30  Marauder  
  124  19:35  Marine x2  
  123  19:40  Marine  
  123  19:41  Marauder, Siege Tank, Marine x3  
  123  19:45  Supply Depot  
  116  19:51  Marauder  
  115  19:53  Marine x2  
  115  19:59  Marine x5  
  120  20:00  Marine  
  120  20:02  Command Center  
  120  20:03  Marine x2  
  125  20:11  Marine x2  
  125  20:12  Marauder  
  125  20:18  Marauder  
  125  20:19  Marine x4  
  125  20:20  Marine  
  131  20:21  Marauder  
  131  20:23  Marine  
  122  20:28  Marine  
  122  20:29  Marine  
  122  20:33  Marine  
  110  20:37  Marine x4  
  114  20:44  Marauder, Marine  
  114  20:48  Supply Depot  
  117  20:50  Supply Depot  
  117  20:51  Marine  
  117  20:52  Marine  
  119  20:58  Marine  
  119  20:59  Marine, Marauder  
  119  21:00  Marauder  
  119  21:03  Marine x2  
  127  21:11  Missile Turret  
Tags
 
Add a new tag
Caveats
  • Supply blocks, unpowered buildings, or Contaminate may cause inaccurate times.
  • Supply counts are checked every 10 seconds.